 Dungeon Crawl Stone Soup version 0.19.3-4-gbf9329e (webtiles) character file.

336 winWinterter the Slasher (level 6, -1/46 HPs)
             Began as a Demonspawn Gladiator on Jan 27, 2017.
             Succumbed to a scorpion's poison
             ... on level 4 of the Dungeon.
             The game lasted 00:05:57 (3779 turns).

winWinterter the Slasher (Demonspawn Gladiator)     Turns: 3779, Time: 00:05:57

Health: -1/46      AC: 11    Str: 15    XL:     6   Next: 28%
Magic:  6/6        EV:  8    Int:  9    God:
Gold:   47         SH:  0    Dex: 16    Spells: 0 memorised, 5 levels left

rFire  + . .     SeeInvis .     a - +0 long sword
rCold  . . .     Gourm    .     g - +2 chain mail {rF+}
rNeg   . . .     Faith    .     (no shield)
rPois  .         Spirit   .     c - +0 helmet
rElec  .         Reflect  .     (no cloak)
rCorr  .         Harm     .     (no gloves)
MR     .....                    (no boots)
Stlth  ++........               (no amulet)
                                (no ring)
                                h - ring of stealth

@: lethally poisoned (-1 -> -19)
A: talons 1, nightstalker 2
a: no special abilities


You were on level 4 of the Dungeon.
You were not hungry.

You visited 1 branch of the dungeon, and saw 4 of its levels.

You collected 47 gold pieces.

Inventory:

Hand Weapons
 a - a +0 long sword (weapon)
Missiles
 d - 2 throwing nets (quivered)
 q - 5 javelins
Armour
 b - a +0 leather armour
 c - a +0 helmet (worn)
 g - a +2 chain mail of fire resistance (worn)
Jewellery
 h - a ring of stealth (left hand)
Scrolls
 e - a scroll of teleportation {unknown}
 k - 2 scrolls of amnesia {unknown}
 o - a scroll of recharging {unknown}
Potions
 i - a potion of haste
 j - a potion of flight {unknown}
 l - a potion of might {unknown}
 m - a potion of lignification {unknown}
 n - 2 potions of brilliance {unknown}
 p - a potion of agility {unknown}
 r - 2 potions of curing {unknown}
Comestibles
 f - 3 bread rations
 s - a slice of pizza


   Skills:
 + Level 2.5 Fighting
 * Level 5.1 Long Blades
 + Level 1.9 Throwing
 + Level 2.2 Armour
 + Level 3.1 Dodging
 + Level 1.5 Stealth


You had 5 spell levels left.
You didn't know any spells.

Dungeon Overview and Level Annotations

Branches:
Dungeon (4/15)
 Temple: D:4-7

Altars:


Innate Abilities, Weirdness & Mutations

You have sharp toenails.
You are significantly more attuned to the shadows.


Message History

The scorpion stings you.
You are poisoned.
The scorpion poisons you!
You barely miss the scorpion.
The scorpion is severely wounded.
You feel sick. The scorpion completely misses you.
You barely miss the scorpion.
The scorpion is severely wounded.
You feel sick. The scorpion stings you!
* * * LOW HITPOINT WARNING * * *
You are more poisoned.
The scorpion poisons you!
Your chain mail prevents you from hitting the scorpion.
The scorpion is severely wounded.
* * * LOW HITPOINT WARNING * * *
You feel sick. The scorpion stings you.
* * * LOW HITPOINT WARNING * * *
You slash the scorpion!
You kill the scorpion!
You die...

#..#
#####..#
#......####
#.####....#
####.# #.#
#(# . #)#
o. #@# .>.
#†#
....#####†#
.?$....†..#
.......####
.......#
...)....
.......##
.....s.#


There were no monsters in sight!

Vanquished Creatures
  A scorpion (D:4)
  A howler monkey (D:4)
  The ghost of dscm the Shield-Bearer, a weakling VSFi (D:3)
  Natasha (D:2)
  An orc wizard (D:4)
  A worker ant (D:4)
  6 adders
  2 worms (D:2)
  3 dart slugs
  2 leopard geckos
  6 orcs
  A ball python (D:4)
  11 bats
  3 giant cockroaches
  4 goblins
  8 hobgoblins
  2 jackals (D:4)
  3 quokkas
  9 frilled lizards
  3 kobolds
  8 rats
77 creatures vanquished.

Vanquished Creatures (others)
  A rat (D:2)
1 creature vanquished.

Grand Total: 78 creatures vanquished

Notes
Turn   | Place    | Note
-------+----------+-------------------------------------------
     0 | D:1      | winWinterter the Demonspawn Gladiator began the quest for the Orb.
     0 | D:1      | Reached XP level 1. HP: 16/16 MP: 1/1
   297 | D:1      | Gained mutation: You are slightly more attuned to the shadows. [demonic ancestry]
   297 | D:1      | Reached XP level 2. HP: 22/22 MP: 2/2
   400 | D:1      | Reached skill level 3 in Long Blades
  1076 | D:2      | Reached XP level 3. HP: 18/27 MP: 3/3
  1148 | D:2      | Noticed Natasha
  1158 | D:2      | Killed Natasha
  1184 | D:2      | Reached skill level 1 in Armour
  1528 | D:2      | Gained mutation: You are significantly more attuned to the shadows. [demonic ancestry]
  1528 | D:2      | Reached XP level 4. HP: 26/33 MP: 4/4
  2075 | D:3      | Noticed dscm's ghost (weakling VSFi)
  2290 | D:3      | Killed dscm's ghost
  2290 | D:3      | Reached skill level 4 in Long Blades
  2290 | D:3      | Reached skill level 1 in Stealth
  2880 | D:3      | Reached XP level 5. HP: 35/38 MP: 5/5
  3717 | D:4      | Gained mutation: You have sharp toenails. [demonic ancestry]
  3717 | D:4      | Reached XP level 6. HP: 16/46 MP: 6/6
  3723 | D:4      | Reached skill level 5 in Long Blades
  3778 | D:4      | HP: 1/46 [scorpion (5)]
  3779 | D:4      | Succumbed to a scorpion's poison

Skill      XL: |  1  2  3  4  5  6 |
---------------+-------------------+-----
Long Blades    | 3 4 5 |  5.1
Armour         | 1 2 |  2.2
Dodging        | 3 |  3.1
Stealth        | 1 |  1.5
Fighting       | |  2.5
Throwing       | |  1.9

Action                   |  1- 3 |  4- 6 || total
-------------------------+-------+-------++-------
Melee: Long sword        |    81 |   180 ||   261
       Kick              |       |     6 ||     6
Throw: Throwing net      |     1 |     1 ||     2
  Use: Potion            |       |     2 ||     2
 Stab: Sleeping          |     6 |     3 ||     9
       Held in net/web   |     2 |     1 ||     3
       Distracted        |       |     1 ||     1
  Eat: Chunk             |     1 |     2 ||     3
       Meat ration       |       |     1 ||     1
       Pizza             |       |     1 ||     1
Armor: Leather armour    |    22 |    14 ||    36
       Chain mail        |       |   103 ||   103
Dodge: Dodged            |    49 |   114 ||   163
       Rpst.: Long sword |    14 |    37 ||    51
